 Dungeon Crawl Stone Soup version 0.24.0-13-gcf9b319 (webtiles) character file.

Game seed: 17326218342057075808, levelgen mode: deterministic

161 Bronimir the Magician (level 5, -10/32 HPs)
             Began as an Octopode Wizard on Apr 2, 2020.
             Was an Initiate of Sif Muna.
             Killed by divine providence
             ... invoked by an orc priest
              (12 damage)
             ... on level 3 of the Dungeon.
             The game lasted 00:06:37 (4806 turns).

Bronimir the Magician (Octopode Wizard)             Turns: 4806, Time: 00:06:37

Health: -10/32     AC:  1    Str:  6    XL:     5   Next: 42%
Magic:  6/11       EV: 14    Int: 21    God:    Sif Muna [......]
Gold:   167        SH:  0    Dex: 11    Spells: 2/12 levels left

rFire    . . .     SeeInvis .   e - +3 hand axe
rCold    . . .     Gourm    .   (no shield)
rNeg     . . .     Faith    .   a - +0 hat
rPois    +         Spirit   .   (no amulet)
rElec    .         Reflect  .   l - ring of stealth
rCorr    .         Harm     .   s - ring of poison resistance
MR       .....                  (no ring)
Stlth    ++++......             (no ring)
HPRegen  0.10/turn              (no ring)
MPRegen  0.12/turn              (no ring)
                                (no ring)
                                (no ring)

@: very slightly contaminated
A: almost no armour, stealthy swim, amphibious, 8 rings, constrict 8, camouflage
1, gelatinous body 1
a: Renounce Religion


You were on level 3 of the Dungeon.
You worshipped Sif Muna.
Sif Muna was noncommittal.
You were hungry.

You visited 1 branch of the dungeon, and saw 4 of its levels.

You collected 167 gold pieces.

Inventory:

Hand Weapons
 e - a +3 hand axe (weapon)
Missiles
 f - 106 stones
 g - 8 boomerangs (quivered)
 h - 67 arrows
 k - 40 bolts
 t - 11 poisoned darts
Armour
 a - a +0 hat (worn)
Jewellery
 l - a ring of stealth (left tentacle)
 s - a ring of poison resistance (right tentacle)
Scrolls
 b - 5 scrolls of identify
 d - a scroll of enchant armour {unknown}
 i - 3 scrolls of teleportation {unknown}
 j - 2 scrolls of amnesia {unknown}
 m - a scroll of random uselessness {unknown}
 n - a scroll of remove curse {unknown}
 o - a scroll of fear {unknown}
 p - a scroll of noise {unknown}
 r - a scroll of magic mapping {unknown}
Potions
 q - 3 potions of ambrosia {unknown}
 u - 2 potions of magic {unknown}
 v - a potion of brilliance {unknown}
Comestibles
 c - 3 rations


   Skills:
 + Level 0.9 Fighting
 + Level 1.4 Axes
 + Level 0.2 Throwing
 * Level 2.8 Dodging
 - Level 2.6 Stealth
 + Level 0.4 Unarmed Combat
 * Level 4.0 Spellcasting
 * Level 2.0 Conjurations
 * Level 1.9 Summonings
 + Level 1.0 Translocations


You had 2 spell levels left.
You knew the following spells:

 Your Spells              Type           Power        Failure   Level  Hunger
a - Magic Dart            Conj           ##..         5%          1    None
b - Blink                 Tloc           N/A          12%         2    #......
c - Call Imp              Summ           ##......     9%          2    #......
d - Slow                  Hex            #.......     19%         2    #......
e - Conjure Flame         Conj/Fire      #.......     24%         3    ###....

Your spell library contained the following spells:

 Spells                   Type           Power        Failure   Level  Hunger
 Mephitic Cloud           Conj/Pois/Air  #.......     26%         3    ###....


Dungeon Overview and Level Annotations

Branches:
Dungeon (4/15)
 Temple: D:4-7

Altars:
Ru
Sif Muna


Innate Abilities, Weirdness & Mutations

You cannot wear most types of armour.
You are very stealthy in the water. (Stealth+)
You are amphibious.
You can wear up to eight rings at the same time.
You can use your tentacles to constrict eight enemies at once.
Your skin changes colour to match your surroundings (Stealth+).
Your rubbery body absorbs attacks. (AC +1, EV +1)


Message History

Confirm with . or Enter, or press ? or * to list all spells.
Aiming: Magic Dart (safe; 5% risk of failure)
Press: ? - help, Shift-Dir - straight line, f - orc priest
Aim: an orc priest, wielding a +0 hand axe You miscast Magic Dart.
You are very lightly contaminated with residual magic.
Nothing appears to happen.
The adder barely misses you.
The orc priest mumbles some strange prayers to Beogh against you.
Beogh smites you!
* * * LOW HITPOINT WARNING * * *
Casting: Magic Dart (safe; 5% risk of failure)
Confirm with . or Enter, or press ? or * to list all spells.
You blink.
The adder misses you. The adder bites you.
* * * LOW HITPOINT WARNING * * *
Casting: Blink (safe; 12% risk of failure)
Confirm with . or Enter, or press ? or * to list all spells.
You blink.
The orc priest invokes the aid of Beogh against you.
Beogh smites you!
You die...

##### ....#
###.############
#########
#.............#
#.......######
#..##########.#
#............. ##..##
#.#####.............
.#...#
#...........##......
.....#
#.#######........)..
###..#
####..@..........######
)....#
#....#######.....#.....
.###.# #....#
#.....#.####
.###.######....#
###.###.#...
.#.......>o....#####
#.# #.##.#
.#.[..)####........#
#.# #.##.# .......#
#........# #.# #.##.#
##.....# ###......#
##.###.##.# ######.#
#......# #.........#


You could see an orc priest.

Vanquished Creatures
  3 adders (D:3)
  2 oozes
  3 worms (D:3)
  3 dart slugs (D:1)
  3 leopard geckos
  2 orcs (D:3)
  A giant cockroach (D:1)
  7 hobgoblins
  6 jackals
  A quokka (D:2)
  8 bats
  7 frilled lizards
  6 goblins
  9 kobolds
  13 rats
74 creatures vanquished.

Vanquished Creatures (collateral kills)
  2 orc wizards (D:3)
  4 orcs (D:3)
6 creatures vanquished.

Grand Total: 80 creatures vanquished

Notes
Turn   | Place    | Note
-------+----------+-------------------------------------------
     0 | D:1      | Bronimir the Octopode Wizard began the quest for the Orb.
     0 | D:1      | Reached XP level 1. HP: 11/11 MP: 4/4
   239 | D:1      | Reached XP level 2. HP: 12/17 MP: 4/6
   490 | D:1      | Learned a level 2 spell: Blink
   493 | D:1      | Learned a level 2 spell: Call Imp
   496 | D:1      | Learned a level 2 spell: Slow
  1297 | D:1      | Reached XP level 3. HP: 21/21 MP: 5/8
  2640 | D:3      | Reached XP level 4. HP: 26/27 MP: 9/9
  2641 | D:3      | Reached skill level 1 in Axes
  2670 | D:3      | Found a sacrificial altar of Ru.
  3564 | D:3      | Reached XP level 5. HP: 7/32 MP: 1/10
  3857 | D:3      | Found a shimmering blue altar of Sif Muna.
  3860 | D:3      | Became a worshipper of Sif Muna the Loreminder
  4086 | D:3      | Learned a level 3 spell: Conjure Flame
  4304 | D:3      | Reached skill level 4 in Spellcasting
  4806 | D:3      | Killed from afar by an orc priest

Levels and vault maps discovered:
D:1:      beargit_arrival_greenhouse, layout_basic
D:2:      layout_loops_ring
D:3:      lemuel_upstairs_altar, layout_basic, lemuel_round_altar,
          lemuel_doored_altar
D:4:      layout_rooms, kennysheep_mini_moat, kennysheep_little_box

Skill      XL: |  1  2  3  4  5 |
---------------+----------------+-----
Axes           | 1 |  1.4
Conjurations   | 2 |  2.0
Spellcasting   | 4 |  4.0
Fighting       | |  0.9
Throwing       | |  0.2
Dodging        | |  2.8
Stealth        | |  2.6
Unarmed Combat | |  0.4
Summonings     | |  1.9
Translocations | |  1.0

Action                   |  1- 3 |  4- 6 || total
-------------------------+-------+-------++-------
Melee: Unarmed           |    22 |       ||    22
       Constrict         |    18 |     9 ||    27
       Tentacles         |     8 |     2 ||    10
       Hand axe          |    61 |    35 ||    96
Throw: Boomerang         |     8 |     1 ||     9
 Cast: Magic Dart        |    37 |    49 ||    86
       Call Imp          |       |     7 ||     7
       Blink             |       |     3 ||     3
       Conjure Flame     |       |     1 ||     1
       Slow              |       |     1 ||     1
  Use: Scroll            |       |     1 ||     1
       Potion            |       |     1 ||     1
 Stab: Sleeping          |     7 |     2 ||     9
       Distracted        |       |     1 ||     1
  Eat: Chunk             |     5 |     3 ||     8
       Ration            |       |     1 ||     1
Armor: Skin              |     9 |     2 ||    11
Dodge: Dodged            |    64 |    40 ||   104
